 Seeded DCSS version 0.30.0-19-g36f170ea60 (webtiles) character file.

Game seed: 424073725385337585 (custom seed)

1524 Hubris850 the Conjurer (level 8, -2/41 HPs)
             Began as a Tengu Air Elementalist on May 31, 2023.
             Slain by a gnoll sergeant
             ... wielding a +5 heavy spear
              (5 damage)
             ... on level 5 of the Dungeon.
             The game lasted 00:19:00 (5852 turns).

Hubris850 the Conjurer (Tengu Air Elementalist)     Turns: 5852, Time: 00:19:01

Health: -2/41      AC:  8    Str:  9    XL:     8   Next: 84%
Magic:  17/17      EV: 20    Int: 18    God:
Gold:   240        SH:  0    Dex: 14    Spells: 14/18 levels left

rFire   . . .        h - +4 quarterstaff (chaos)
rCold   . . .        (shield currently unavailable)
rNeg    . . .        a - +0 robe
rPois   .            (helmet restricted)
rElec   .            z - +0 cloak
rCorr   .            i - +0 pair of gloves
SInv    .            (boots unavailable)
Will    .....        j - amulet of regeneration
Stlth   ++           B - +4 ring of protection
HPRegen 1.06/turn    E - +5 ring of evasion
MPRegen 0.15/turn

%: no passive effects
@: flying quickly and evasively, quick
A: beak, talons 3, nimble flight
a: no special abilities


You were on level 5 of the Dungeon.
You visited 1 branch of the dungeon, and saw 5 of its levels.

You collected 240 gold pieces.

Inventory:

Hand Weapons
 e - a +0 spear
 f - a +0 dagger
 h - a +4 quarterstaff of chaos (weapon)
 k - a +2 vampiric dagger
 t - a +1 spectral club
 G - a +1 dagger of venom
Missiles
 q - 7 poisoned darts
 y - 4 datura-tipped darts
 D - 3 boomerangs
 F - 3 throwing nets
Armour
 a - a +0 robe (worn)
 i - a +0 pair of gloves (worn)
 z - a +0 cloak (worn)
Magical Staves
 C - a staff of cold
Jewellery
 j - an amulet of regeneration (around neck)
 B - a +4 ring of protection (left hand)
 E - a +5 ring of evasion (right hand)
Wands
 s - a wand of paralysis (3)
Scrolls
 c - 3 scrolls of identify {unknown}
 d - a scroll of butterflies {unknown}
 g - 2 scrolls of amnesia {unknown}
 o - a scroll of magic mapping {unknown}
 p - 2 scrolls of teleportation {unknown}
 r - a scroll of blinking {unknown}
 u - a scroll of fear {unknown}
 v - a scroll of vulnerability {unknown}
 x - a scroll of acquirement {unknown}
 A - a scroll of enchant weapon {unknown}
Potions
 b - a potion of magic
 l - a potion of curing
 m - 3 potions of heal wounds
 n - a potion of attraction
 w - a potion of cancellation {unknown}
 H - a potion of ambrosia {unknown}


   Skills:
 - Level 3.5 Dodging
 - Level 3.0 Stealth
 + Level 5.7 Spellcasting
 + Level 7.7 Conjurations
 + Level 6.2 Summonings
 - Level 5.0 Air Magic


You had 14 spell levels left.
You knew the following spells:

 Your Spells              Type           Power      Damage    Failure   Level
a - Shock                 Conj/Air       100%       1d9       1%          1
b - Static Discharge      Conj/Air       56%        2-5/arc   1%          2
c - Summon Small Mammal   Summ           100%       N/A       1%          1

Your spell library contained the following spells:

 Spells                   Type           Power      Damage    Failure   Level
 Call Canine Familiar     Summ           27%        N/A       2%          3
 Swiftness                Air            23%        N/A       4%          3
 Summon Guardian Golem    Hex/Summ       16%        N/A       11%         3
 Airstrike                Air            11%        2d(2-18)  16%         4
 Sublimation of Blood     Necr           5%         N/A       19%         2
 Wereblood                Tmut           5%         N/A       19%         2
 Vampiric Draining        Necr           5%         2d6       36%         3
 Petrify                  Tmut/Erth      5%         N/A       77%         4
 Yara's Violent Unravell  Hex/Tmut       2%         3d3       98%         5
 Summon Hydra             Summ           13%        N/A       100%        7


Dungeon Overview and Level Annotations

Branches:
Dungeon (5/15)             Temple (0/1) D:5

Altars:
Wu Jian


Innate Abilities, Weirdness & Mutations

You have a beak for a mouth.
You have claws for feet.
Your magical nature lets you fly swiftly and evasively.


Message History

The gnoll completely misses you. The gnoll hits you with a +0 halberd!
Things that are here:
a +0 spear; a gnoll corpse You sock the gnoll!
The gnoll looks as sick as possible!
Your kick misses the gnoll. Your peck misses the gnoll.
The gnoll is almost dead.
You kill the gnoll!
A gnoll sergeant comes into view. It is wielding a +5 heavy spear.
The gnoll sergeant barely misses you.
Things that are here:
a +0 halberd; a gnoll corpse The gnoll sergeant blocks your attack. x2
You peck the gnoll sergeant, but do no damage.
The gnoll sergeant hits you with a +5 heavy spear!
You sock the gnoll sergeant!
The gnoll sergeant is moderately wounded.
The gnoll sergeant hits you with a +5 heavy spear.
You hit the gnoll sergeant.
The gnoll sergeant is poisoned.
You claw the gnoll sergeant, but do no damage.
The gnoll sergeant is heavily wounded.
The gnoll sergeant hits you with a +5 heavy spear!
* * * LOW HITPOINT WARNING * * *
You are too injured to fight recklessly!
You are too injured to fight recklessly!
You are too injured to fight recklessly!
Casting: Shock (safe; 1% risk of failure)
Confirm with . or Enter, or press ? or * to list all spells.
Okay, then.
You hit the gnoll sergeant but do no damage.
The gnoll sergeant seems to speed up.
You claw the gnoll sergeant. Your peck misses the gnoll sergeant.
The gnoll sergeant is severely wounded.
The gnoll sergeant hits you with a +5 heavy spear!
* * * LOW HITPOINT WARNING * * *
You hit the gnoll sergeant but do no damage.
Your kick misses the gnoll sergeant. The gnoll sergeant blocks your attack.
The gnoll sergeant is severely wounded.
The gnoll sergeant hits you with a +5 heavy spear.
You die...

#....................
#....#####...#.......
#...#######..#....###
#..##.....##...
#..##.....# ...
#..##.....# ..
##.##.....#
#.##..g..# #.##..@..#
#.†###)###...
#....).......#
#............#
#...........##
#############


You could see a gnoll sergeant (fast, very poisoned).

Vanquished Creatures
  2 ice beasts
  An ogre (D:5)
  2 centaurs (D:5)
  A gnoll sergeant (D:5)
  3 scorpions
  4 hounds
  A jelly (D:5)
  2 gnoll boudas (D:5)
  Crazy Yiuf (D:4)
  Ijyb (D:3)
  2 sleepcaps (D:5)
  4 iguanas
  2 orc wizards
  Robin (D:4)
  15 gnolls
  4 adders
  5 dart slugs
  11 orcs
  7 bats
  13 endoplasms
  5 giant cockroaches
  15 goblins
  14 hobgoblins
  11 jackals
  7 kobolds
  4 quokkas
  4 ball pythons
  A frilled lizard (D:2)
  7 rats
150 creatures vanquished.

Vanquished Creatures (collateral kills)
  A hound (D:5)
  An orc wizard (D:5)
2 creatures vanquished.

Vanquished Creatures (others)
  A gnoll zombie (D:5)
1 creature vanquished.

Grand Total: 153 creatures vanquished

Notes
Turn   | Place    | Note
-------+----------+-------------------------------------------
     0 | D:1      | Hubris850 the Tengu Air Elementalist began the quest for
                  | the Orb.
     0 | D:1      | Reached XP level 1. HP: 10/10 MP: 4/4
   287 | D:1      | Reached XP level 2. HP: 15/15 MP: 3/6
   681 | D:1      | Learned a level 2 spell: Static Discharge
   685 | D:1      | Reached skill level 2 in Conjurations
   911 | D:1      | Reached XP level 3. HP: 19/19 MP: 2/7
  1541 | D:2      | Got Sif Muna's Book of the Gestalt and Diablerie
  1890 | D:2      | Reached XP level 4. HP: 24/24 MP: 3/8
  3129 | D:3      | Found an ornate altar of the Wu Jian Council.
  3163 | D:3      | Reached skill level 3 in Conjurations
  3168 | D:3      | Gained mutation: Your magical nature lets you fly swiftly
                  | and evasively. [Tengu growth]
  3168 | D:3      | Reached XP level 5. HP: 17/28 MP: 4/10
  3427 | D:3      | Noticed Ijyb
  3428 | D:3      | Paralysed by Ijyb for 5 turns
  3439 | D:3      | Killed Ijyb
  3440 | D:3      | Reached skill level 5 in Air Magic
  3687 | D:3      | Learned a level 1 spell: Summon Small Mammal
  3823 | D:4      | Reached skill level 1 in Summonings
  3823 | D:4      | Reached XP level 6. HP: 20/32 MP: 1/11
  3875 | D:4      | Reached skill level 4 in Conjurations
  4623 | D:4      | Noticed Robin
  4630 | D:4      | Killed Robin
  4751 | D:4      | Found a runed translucent door.
  4797 | D:4      | Noticed Crazy Yiuf
  4806 | D:4      | Killed Crazy Yiuf
  5051 | D:5      | Entered Level 5 of the Dungeon
  5051 | D:5      | Noticed an ice beast
  5054 | D:5      | Reached XP level 7. HP: 36/36 MP: 13/13
  5069 | D:4      | Reached skill level 5 in Conjurations
  5404 | D:5      | Reached skill level 6 in Conjurations
  5404 | D:5      | Reached XP level 8. HP: 17/41 MP: 3/15
  5588 | D:5      | Reached skill level 5 in Spellcasting
  5588 | D:5      | Reached skill level 5 in Summonings
  5663 | D:5      | Reached skill level 7 in Conjurations
  5714 | D:5      | Found a staircase to the Ecumenical Temple.
  5851 | D:5      | HP: 2/41 [gnoll sergeant/+5 heavy spear (7)]
  5852 | D:5      | Slain by a gnoll sergeant

Illustrated notes

Levels and vault maps discovered:
D:1:      evilmike_arrival_crescent, layout_loops_corners
D:2:      layout_basic, minmay_misc_feat_cross, kennysheep_cross_room
D:3:      layout_rooms, nzn_wu_jian_contemplation, uniq_ijyb
D:4:      layout_loops_ring, uniq_robin, uniq_crazy_yiuf_cottage
D:5:      layout_cave_pools, minmay_temple_entry_hall, serial_gnoll_camp,
          gnoll_camp_mini_house, gnoll_camp_mini_shop, gnoll_camp_mini_basic,
          gnoll_camp_medium_02, gnoll_camp_medium_01, ebering_ghost_gozag,
          lemuel_flame_loot_1

Skill      XL: |  1  2  3  4  5  6  7  8 |
---------------+-------------------------+-----
Conjurations   | 2 3 4 6 7 |  7.7
Dodging        | 3 |  3.5
Stealth        | 3 |  3.0
Air Magic      | 5 |  5.0
Spellcasting   | 3 4 5 |  5.7
Summonings     | 1 2 4 6 |  6.2

Action                     |  1- 3 |  4- 6 |  7- 9 || total
---------------------------+-------+-------+-------++-------
  Melee: Unarmed           |     4 |       |       ||     4
         Dagger            |    12 |    19 |       ||    31
         Kick              |     2 |     2 |    17 ||    21
         Peck              |     1 |     4 |    16 ||    21
         Punch             |       |     1 |       ||     1
         Club              |       |     4 |       ||     4
         Quarterstaff      |       |     2 |    89 ||    91
  Throw: Dart              |       |       |     3 ||     3
   Cast: Shock             |    86 |   149 |    36 ||   271
         Static Discharge  |     1 |    10 |    13 ||    24
    Use: Potion            |       |     4 |       ||     4
 Armour: Robe              |     3 |     5 |    41 ||    49
  Dodge: Dodged            |    20 |    26 |   161 ||   207
